 Dungeon Crawl Stone Soup version 0.24.1-4-ge52af88ad5 (webtiles) character file.

Game seed: 7441374909351160002, levelgen mode: deterministic

23 Destructed3 the Skirmisher (level 2, 0/25 HPs)
             Began as a Mummy Fighter on Apr 13, 2020.
             Slain by a hobgoblin
             ... wielding a +0 club
             ... led by Robin
              (4 damage)
             ... on level 2 of the Dungeon.
             The game lasted 00:01:22 (804 turns).

Destructed3 the Skirmisher (Mummy Fighter)           Turns: 804, Time: 00:01:23

Health: 0/25       AC:  6    Str: 19    XL:     2   Next: 72%
Magic:  2/2        EV:  7    Int:  7    God:
Gold:   24         SH:  8    Dex: 11    Spells: 1/1 levels left

rFire    x . .     SeeInvis .   a - +0 flail
rCold    + . .     Gourm    .   c - +0 shield
rNeg     + + +     Faith    .   b - +0 scale mail
rPois    ∞         Spirit   .   (no helmet)
rElec    .         Reflect  .   (no cloak)
rCorr    .         Harm     .   (no gloves)
MR       .....                  (no boots)
Stlth    ..........             (no amulet)
HPRegen  0.08/turn              (no ring)
MPRegen  0.08/turn              (no ring)

@: no status effects
A: no food or potions, fire vulnerability, cold resistance 1, negative energy
resistance 3, torment resistance, unbreathing
a: no special abilities


You were on level 2 of the Dungeon.
You were not hungry.

You visited 1 branch of the dungeon, and saw 2 of its levels.

You collected 24 gold pieces.

Inventory:

Hand Weapons
 a - a +0 flail (weapon)
Armour
 b - a +0 scale mail (worn)
 c - a +0 shield (worn)
Scrolls
 d - 3 scrolls of identify {unknown}
 e - a scroll of enchant weapon {unknown}
 f - a scroll of amnesia {unknown}


   Skills:
 + Level 3.6 Fighting
 + Level 2.1 Maces & Flails
 - Level 2.4 Armour
 - Level 2.4 Shields


You had one spell level left.
You didn't know any spells.
Your spell library was empty.

Dungeon Overview and Level Annotations

Branches:
Dungeon (2/15)

Altars:
Nemelex Xobeh

Annotations:
D:2 Robin


Innate Abilities, Weirdness & Mutations

You do not eat or drink.
Your flesh is vulnerable to fire.
You are immune to poison.
Your flesh is cold resistant. (rC+)
You are immune to negative energy. (rN+++)
You are immune to unholy pain and torment.
You can survive without breathing.


Message History

You block the goblin's attack. The hobgoblin hits you with a +0 club.
You closely miss the goblin.
The goblin no longer looks unusually strong.
The goblin hits you with a +0 club. You block the hobgoblin's attack.
You barely miss the goblin.
The hobgoblin no longer looks unusually strong. x2
The goblin barely misses you. The hobgoblin barely misses you.
You closely miss the goblin.
The hobgoblin no longer looks unusually strong.
You block the goblin's attack. The hobgoblin barely misses you.
Robin roars a battlecry!
The goblins go into a battle-frenzy!
You barely miss the goblin. You block the goblin's attack.
The hobgoblin hits you with a +0 club. The goblin hits you but does no damage.
The hobgoblin hits you with a +0 club.
* * * LOW HITPOINT WARNING * * *
You hit the goblin.
The goblin is moderately wounded.
You block the goblin's attack. The hobgoblin hits you with a +0 club.
You die...

# ..#.# #. #.#.#
#. #.#.# #.>
#.#.# .#
#..####.#.# ...#
#......<[.#
.#...###.#.##.###
......g###g##.#
......gggg@##.#
......#g#####.#
..⌠.....# #.#
.....gg## #.#
....g.. #.#
......# ...#..
#..g#


You could see Robin, 4 hobgoblins and 2 goblins.

Vanquished Creatures
  A dart slug (D:1)
  A leopard gecko (D:1)
  2 ball pythons (D:1)
  A giant cockroach (D:1)
  8 goblins
  2 hobgoblins (D:1)
  A bat (D:1)
16 creatures vanquished.

Notes
Turn   | Place    | Note
-------+----------+-------------------------------------------
     0 | D:1      | Destructed3 the Mummy Fighter began the quest for the Orb.
     0 | D:1      | Reached XP level 1. HP: 18/18 MP: 1/1
   250 | D:1      | Reached XP level 2. HP: 24/24 MP: 2/2
   407 | D:1      | Found a sparkling altar of Nemelex Xobeh.
   778 | D:2      | Noticed Robin
   804 | D:2      | Slain by a hobgoblin

Levels and vault maps discovered:
D:1:      dpeg_arrival_court, layout_loops_ring, serial_forest,
          infiniplex_forest_3_way, infiniplex_forest_lined_3,
          infiniplex_forest_clump_tiny, infiniplex_forest_end_1,
          infiniplex_forest_zigzag_1, infiniplex_forest_lined_2,
          infiniplex_forest_lined_room_, nemelex_diamond_rough_becter
D:2:      minmay_skewed_foursquare, layout_loops_ring, grunt_gozag_breadcrumbs,
          uniq_robin

Skill      XL: |  1  2 |
---------------+-------+-----
Maces & Flails | 2 |  2.1
Fighting       | |  3.6
Armour         | |  2.4
Shields        | |  2.4

Action                   || total
-------------------------++-------
Melee: Flail             ||    65
Armor: Scale mail        ||    25
Dodge: Dodged            ||    24
Block: Shield            ||    37
